Map: Ulrena

Players

Freizya

  • Race: Protoss Protoss

MCanning - Winner!

  • Race: Protoss Protoss
  • League: Grandmaster

VOD

Have the link to the VOD?

Description

Time

  • Played on: Dec. 3, 2015, 12:44 a.m.
  • Length: 11:56
Show
View Real Time Build Order
Export as new Build Order

Freizya Protoss 

Build Orders:  

Get SALT Encoding   

  12  0:01  Probe (Chrono Boost)  
  13  0:13  Probe (Chrono Boost)  
  14  0:18  Pylon  
  14  0:24  Probe (Chrono Boost)  
  15  0:36  Probe (Chrono Boost)  
  15  0:40  Gateway  
  16  0:46  Probe (Chrono Boost)  
  16  0:48  Assimilator  
  18  0:57  Probe (Chrono Boost), Assimilator  
  18  1:07  Probe (Chrono Boost)  
  19  1:16  Pylon  
  19  1:18  Probe (Chrono Boost)  
  20  1:27  Cybernetics Core  
  20  1:29  Probe (Chrono Boost)  
  22  1:40  Probe (Chrono Boost)  
  22  1:45  Gateway  
  22  1:50  Probe (Chrono Boost)  
  24  2:08  Mothership Core (Chrono Boost), Stalker (Chrono Boost)  
  27  2:24  Pylon  
  27  2:28  Probe  
  28  2:36  Stalker (Chrono Boost)  
  30  2:42  Stalker (Chrono Boost)  
  29  3:18  Probe  
  27  3:30  Probe (Chrono Boost), Nexus  
  28  3:34  Twilight Council  
  28  3:41  Probe (Chrono Boost)  
  29  3:46  Warp Gate  
  29  3:51  Probe (Chrono Boost)  
  30  4:02  Probe (Chrono Boost)  
  30  4:12  Probe (Chrono Boost)  
  31  4:23  Probe (Chrono Boost)  
  30  4:32  Blink (Chrono Boost)  
  30  4:33  Probe  
  30  4:37  Pylon  
  31  4:42  Gateway  
  32  4:45  Probe  
  32  4:48  Stalker  
  32  4:51  Probe  
  35  4:57  Probe  
  36  5:01  Probe  
  36  5:03  Robotics Facility  
  37  5:09  Probe  
  37  5:12  Probe  
  39  5:22  Probe x2  
  41  5:33  Probe  
  41  5:34  Probe  
  43  5:43  Probe  
  43  5:46  Probe  
  45  5:51  Nexus  
  45  5:54  Probe  
  45  5:55  Pylon  
  46  5:58  Probe  
  46  5:59  Observer  
  46  6:00  Robotics Bay  
  48  6:04  Probe  
  48  6:05  Stalker  
  48  6:10  Probe  
  48  6:11  Stalker  
  54  6:15  Probe  
  54  6:17  Pylon  
  55  6:22  Probe, Assimilator  
  55  6:24  Assimilator  
  56  6:25  Probe  
  57  6:34  Probe, Forge  
  57  6:36  Probe, Observer  
  60  6:46  Probe  
  60  6:47  Probe  
  60  6:54  Stalker x3  
  60  6:57  Probe  
  60  6:58  Probe  
  68  7:14  Disruptor (Chrono Boost)  
  67  7:21  Gateway  
  65  7:23  Gateway  
  65  7:25  Probe, Pylon  
  64  7:33  Nexus, Protoss Ground Weapons Level 1  
  64  7:34  Pylon  
  64  7:35  Stalker x3, Pylon  
  70  7:42  Pylon  
  70  7:49  Disruptor (Chrono Boost), Pylon  
  73  7:52  Probe  
  73  7:54  Probe  
  75  8:03  Probe  
  76  8:06  Probe  
  76  8:09  Gateway  
  76  8:10  Gateway  
  77  8:13  Probe, Pylon  
  77  8:18  Robotics Facility  
  78  8:20  Disruptor (Chrono Boost)  
  79  8:35  Stalker x3  
  79  8:41  Photon Cannon  
  85  8:43  Probe  
  85  8:44  Probe  
  87  8:50  Adept  
  87  8:51  Disruptor (Chrono Boost)  
  87  8:55  Probe  
  92  8:56  Probe  
  92  8:57  Probe  
  95  9:10  Stalker  
  95  9:11  Stalker x3  
  101  9:20  Stalker  
  101  9:22  Disruptor (Chrono Boost)  
  107  9:24  Disruptor (Chrono Boost), Pylon  
  107  9:25  Assimilator  
  107  9:29  Assimilator  
  96  9:59  Stalker  
  86  10:00  Stalker x3  
  83  10:16  Nexus  
  83  10:22  Disruptor (Chrono Boost)  
  83  10:26  Stalker x3, Disruptor (Chrono Boost)  
  83  10:27  Stalker x2  
  99  10:30  Probe  
  99  10:31  Probe  
  101  10:49  Probe  
  101  10:50  Probe  
  101  10:53  Disruptor (Chrono Boost)  
  105  11:02  Adept, Disruptor (Chrono Boost)  
  110  11:10  Stalker x3  
  89  11:36  Stalker x3  
  89  11:37  Stalker  
  92  11:46  Pylon  
Show
View Real Time Build Order
Export as new Build Order

MCanning Protoss - Winner!

Build Orders:  

Get SALT Encoding   

  12  0:02  Probe (Chrono Boost)  
  13  0:12  Probe (Chrono Boost)  
  14  0:19  Pylon  
  14  0:23  Probe (Chrono Boost)  
  15  0:37  Probe (Chrono Boost)  
  15  0:38  Gateway  
  16  0:48  Probe (Chrono Boost)  
  17  0:50  Assimilator  
  17  0:58  Probe (Chrono Boost)  
  18  1:09  Probe (Chrono Boost)  
  19  1:15  Assimilator  
  19  1:19  Probe (Chrono Boost)  
  19  1:23  Gateway  
  20  1:29  Cybernetics Core  
  20  1:30  Probe (Chrono Boost)  
  21  1:38  Pylon  
  21  1:40  Probe (Chrono Boost)  
  22  1:51  Probe (Chrono Boost)  
  23  2:00  Pylon  
  23  2:06  Mothership Core (Chrono Boost)  
  23  2:07  Adept (Chrono Boost)  
  27  2:13  Adept (Chrono Boost)  
  29  2:17  Warp Gate (Chrono Boost)  
  29  2:45  Nexus  
  29  2:52  Probe  
  29  2:56  Stalker  
  28  3:20  Robotics Facility  
  28  3:30  Pylon  
  28  3:31  Pylon  
  28  3:40  Gateway  
  28  3:50  Probe  
  29  4:06  Gateway  
  29  4:11  Immortal (Chrono Boost)  
  33  4:17  Stalker  
  35  4:24  Stalker  
  37  4:33  Probe (Chrono Boost)  
  37  4:35  Probe (Chrono Boost)  
  39  4:45  Probe (Chrono Boost), Observer  
  41  4:46  Sentry  
  41  4:47  Probe (Chrono Boost)  
  44  4:56  Probe (Chrono Boost)  
  44  4:57  Probe (Chrono Boost)  
  45  5:06  Sentry, Twilight Council, Probe (Chrono Boost)  
  49  5:07  Observer (Chrono Boost)  
  49  5:08  Probe (Chrono Boost)  
  50  5:19  Probe x2 (Chrono Boost)  
  52  5:27  Immortal (Chrono Boost)  
  56  5:29  Probe (Chrono Boost)  
  56  5:30  Pylon  
  56  5:31  Probe (Chrono Boost)  
  58  5:39  Probe  
  59  5:43  Pylon, Blink (Chrono Boost)  
  59  5:44  Assimilator  
  59  5:45  Probe  
  60  5:50  Probe  
  60  5:55  Assimilator  
  61  5:57  Probe  
  61  6:00  Probe  
  63  6:06  Robotics Bay  
  63  6:09  Probe  
  63  6:11  Probe  
  64  6:12  Forge  
  65  6:21  Probe x2  
  67  6:26  Gateway  
  67  6:32  Probe  
  67  6:34  Probe  
  67  6:36  Stalker x2  
  67  6:37  Pylon  
  73  6:42  Stalker  
  75  6:49  Protoss Ground Weapons Level 1 (Chrono Boost)  
  73  6:54  Disruptor (Chrono Boost)  
  76  7:02  Stalker x3  
  79  7:14  Mothership Core (Chrono Boost)  
  79  7:18  Probe (Chrono Boost)  
  79  7:30  Probe (Chrono Boost)  
  79  7:32  Nexus  
  79  7:33  Pylon  
  79  7:34  Adept, Disruptor  
  79  7:36  Probe (Chrono Boost), Pylon  
  86  7:51  Probe (Chrono Boost)  
  86  7:57  Photon Cannon  
  86  7:58  Photon Cannon  
  86  8:03  Probe  
  87  8:08  Zealot  
  87  8:09  Disruptor (Chrono Boost)  
  87  8:12  Photon Cannon  
  92  8:17  Probe, Photon Cannon  
  93  8:24  Probe  
  94  8:27  Stalker x2  
  98  8:35  Probe, Protoss Ground Weapons Level 2 (Chrono Boost)  
  98  8:37  Probe  
  98  8:40  Assimilator  
  100  8:42  Assimilator  
  100  8:43  Disruptor, Robotics Facility  
  103  8:53  Probe  
  103  8:55  Probe  
  105  9:01  Stalker  
  105  9:02  Stalker x2  
  111  9:14  Disruptor  
  111  9:15  Adept  
  113  9:18  Probe  
  113  9:19  Probe  
  113  9:21  Probe  
  119  9:27  Stargate  
  119  9:32  Disruptor  
  114  9:47  Disruptor (Chrono Boost)  
  100  9:53  Stalker  
  100  9:54  Stalker x3  
  100  9:58  Gateway  
  105  10:01  Gateway  
  105  10:03  Gateway  
  105  10:10  Probe  
  105  10:11  Stalker  
  108  10:15  Disruptor (Chrono Boost)  
  108  10:17  Probe  
  112  10:22  Stalker x2  
  112  10:26  Zealot  
  112  10:28  Stalker  
  120  10:32  Probe, Pylon  
  121  10:38  Stalker  
  122  10:44  Disruptor (Chrono Boost), Pylon  
  122  10:46  Pylon  
  122  10:48  Pylon  
  122  10:49  Pylon  
  122  10:57  Nexus, Dark Shrine  
  122  11:00  Stalker x3, Pylon  
  122  11:02  Adept  
  130  11:04  Probe  
  130  11:07  Probe  
  130  11:10  Oracle (Chrono Boost)  
  130  11:28  Stalker x3  
  130  11:29  Stalker x4  
  132  11:37  Probe  
  133  11:40  Probe  
  133  11:44  Stalker  
Tags
 
Add a new tag
Caveats
  • Supply blocks, unpowered buildings, or Contaminate may cause inaccurate times.
  • Supply counts are checked every 10 seconds.